 Dungeon Crawl Stone Soup version 0.22-a0-254-gaf95ca0 (webtiles) character file.

247 JeffiDaFish the Magician (level 5, -2/28 HPs)
             Began as a Deep Elf Ice Elementalist on Mar 4, 2018.
             Slain by a centaur zombie (4 damage)
             ... on level 3 of the Dungeon.
             The game lasted 00:10:20 (3588 turns).

JeffiDaFish the Magician (DEIE)                     Turns: 3588, Time: 00:10:21

Health: -2/28      AC:  3    Str:  1    XL:     5   Next: 85%
Magic:  4/14       EV: 14    Int: 21    God:
Gold:   98         SH:  0    Dex: 15    Spells: 4/14 levels left

rFire    + + .     SeeInvis .   g - +1 short sword (venom)
rCold    . . .     Gourm    .   (no shield)
rNeg     . . .     Faith    .   a - +0 robe
rPois    .         Spirit   .   (no helmet)
rElec    .         Reflect  .   (no cloak)
rCorr    .         Harm     .   f - +0 pair of gloves
MR       .....                  (no boots)
Stlth    ++........             (no amulet)
HPRegen  0.09/turn              l - ring of protection from fire
MPRegen  0.14/turn              (no ring)

@: no status effects
A: fire resistance 1, weak 2, subdued magic 1
a: no special abilities


You were on level 3 of the Dungeon.
You were not hungry.

You visited 1 branch of the dungeon, and saw 3 of its levels.

You collected 98 gold pieces.

Inventory:

Hand Weapons
 g - a +1 short sword of venom (weapon)
Armour
 a - a +0 robe (worn)
 d - a +0 buckler
 f - a +0 pair of gloves (worn)
Magical Staves
 k - an uncursed staff of air
Jewellery
 l - a ring of protection from fire (left hand)
Scrolls
 e - a scroll of identify
 h - 2 scrolls of teleportation
 i - a scroll of amnesia
Comestibles
 c - 3 rations
 j - 3 chunks of flesh


   Skills:
 + Level 3.7 Dodging
 - Level 2.4 Stealth
 * Level 5.2 Spellcasting
 + Level 2.6 Conjurations
 * Level 5.1 Ice Magic


You had 4 spell levels left.
You knew the following spells:

 Your Spells              Type           Power        Failure   Level  Hunger
a - Freeze                Ice            ###.         1%          1    None
b - Throw Frost           Conj/Ice       ###...       2%          2    None
c - Ozocubu's Armour      Chrm/Ice       ##......     9%          3    ##.....
d - Throw Icicle          Conj/Ice       ###.....     19%         4    ####...


Dungeon Overview and Level Annotations

Branches:
Dungeon (3/15)

Altars:
Ru


Innate Abilities, Weirdness & Mutations

Your flesh is heat resistant. (rF+)
You are very weak. (Str -4)
Your spells are a little easier to cast, but a little less powerful.


Message History

Press: ? - help, Shift-Dir - straight line, f/p - centaur zombie
Aim: a centaur zombie (heavily damaged)
You freeze the centaur zombie.
The centaur zombie completely resists.
The centaur zombie is heavily damaged.
The centaur zombie hits you.
* * * LOW HITPOINT WARNING * * *
Casting: Freeze (safe; 1% risk of failure)
Confirm with . or Enter, or press ? or * to list all spells.
Aiming: Freeze (safe; 1% risk of failure)
Press: ? - help, Shift-Dir - straight line, f/p - centaur zombie
Aim: a centaur zombie (heavily damaged)
You freeze the centaur zombie.
The centaur zombie resists.
The centaur zombie is heavily damaged.
The centaur zombie hits you but does no damage.
You hit the centaur zombie but do no damage.
The centaur zombie is heavily damaged.
The centaur zombie hits you.
* * * LOW HITPOINT WARNING * * *
The centaur zombie hits you.
You die...

. #.# .#.# ..#######..#####....
.................#.#
........##...............
#.......##......#.#.#.#.
#......@Z............... ##.##..
...#.#####.......#.#.#.#. ......#
#.# #...)........... .#.##.# #..#
##)............. ...##.#####.####
#..............
......#.......)####.......<......
.........#.#.#............#.....(
................##.....)..#.#..#.
†......(.#.#.#..#..#.###.##.. ...


You could see a centaur zombie.

Vanquished Creatures
  A big kobold (D:2)
  An orc priest (D:3)
  Terence (D:2)
  5 adders
  2 oozes (D:2)
  2 worms (D:2)
  3 leopard geckos (D:1)
  7 orcs
  3 giant cockroaches
  3 goblins
  7 hobgoblins
  4 jackals (D:2)
  6 bats
  5 frilled lizards
  7 kobolds
  4 rats
61 creatures vanquished.

Notes
Turn   | Place    | Note
-------+----------+-------------------------------------------
     0 | D:1      | JeffiDaFish the Deep Elf Ice Elementalist began the quest for the Orb.
     0 | D:1      | Reached XP level 1. HP: 10/10 MP: 6/6
   309 | D:1      | Reached XP level 2. HP: 10/15 MP: 5/8
   394 | D:1      | Learned a level 2 spell: Throw Frost
  1008 | D:2      | Reached XP level 3. HP: 15/19 MP: 5/10
  1127 | D:2      | Noticed Terence
  1419 | D:2      | Learned a level 3 spell: Ozocubu's Armour
  1626 | D:2      | Found a sacrificial altar of Ru.
  1689 | D:2      | Gained mutation: You are weak. (Str -2) [potion of mutation]
  1689 | D:2      | Gained mutation: You are very weak. (Str -4) [potion of mutation]
  1689 | D:2      | Gained mutation: Your spells are a little easier to cast, but a little less powerful. [potion of mutation]
  1689 | D:2      | Gained mutation: Your flesh is heat resistant. (rF+) [potion of mutation]
  1857 | D:2      | Killed Terence
  1857 | D:2      | Reached XP level 4. HP: 12/24 MP: 4/12
  2185 | D:3      | Noticed a big kobold
  2263 | D:2      | Learned a level 4 spell: Throw Icicle
  2280 | D:2      | Killed a big kobold
  2280 | D:2      | Reached XP level 5. HP: 18/28 MP: 1/14
  3057 | D:2      | Reached skill level 5 in Spellcasting
  3370 | D:3      | Reached skill level 5 in Ice Magic
  3588 | D:3      | Slain by a centaur zombie

Vault maps used:
D:1:      minmay_arrival_loop
D:2:      lemuel_doored_altar, uniq_terence
D:3:      first_ration, serial_glass, glass_columns_a, glass_columns_c,
          glass_columns_b, glass_columns_b

Skill      XL: |  1  2  3  4  5 |
---------------+----------------+-----
Ice Magic      | 4 5 |  5.1
Dodging        | 3 |  3.7
Spellcasting   | 4 5 |  5.2
Conjurations   | 2 |  2.6
Stealth        | |  2.4

Action                   |  1- 3 |  4- 6 || total
-------------------------+-------+-------++-------
Melee: Short sword       |    52 |    17 ||    69
       Unarmed           |     3 |       ||     3
 Cast: Freeze            |    40 |    35 ||    75
       Throw Frost       |     6 |    23 ||    29
       Ozocubu's Armour  |       |     6 ||     6
  Use: Potion            |     4 |     2 ||     6
       Scroll            |     6 |     2 ||     8
 Stab: Sleeping          |     1 |       ||     1
  Eat: Chunk             |     3 |     6 ||     9
Armor: Robe              |    18 |    27 ||    45
Dodge: Dodged            |    72 |    58 ||   130

Table legend:
 A = Spawn XP
 B = Non-spawn XP
 C = Spawn XP percentage of total XP
 D = Spawn monster count
 E = Non-spawn monster count
 F = Spawn count percentage of total count
 G = Total turns spent on level
                    A         B        C        D         E        F      G
               +---------+---------+-------+---------+---------+-------+---------
         Total |       0 |     354 |   0.0 |       0 |      61 |   0.0 |  3588
               +---------+---------+-------+---------+---------+-------+---------
           D:1 |       0 |      37 |   0.0 |       0 |      21 |   0.0 |  1003
           D:2 |       0 |     233 |   0.0 |       0 |      24 |   0.0 |  2126
           D:3 |       0 |      84 |   0.0 |       0 |      16 |   0.0 |   459
               +---------+---------+-------+---------+---------+-------+---------
